 Dungeon Crawl Stone Soup version 0.28.0-53-g5a82cb258f (webtiles) character file.

Game seed: 10261983931002043584

182 H0rd4k the Charlatan (level 5, -1/38 HPs)
             Began as a Human Artificer on July 7, 2022.
             Slain by a gnoll
             ... wielding a +0 club
              (4 damage)
             ... on level 3 of the Dungeon.
             The game lasted 00:07:23 (6096 turns).

H0rd4k the Charlatan (Human Artificer)              Turns: 6096, Time: 00:07:23

Health: -1/38      AC:  3    Str: 12    XL:     5   Next: 93%
Magic:  5/5        EV: 12    Int: 14    God:
Gold:   108        SH:  0    Dex: 13    Spells: 4/4 levels left

rFire   . . .      SeeInvis .   o - +0 mace
rCold   . . .      Faith    .   (no shield)
rNeg    . . .      Spirit   .   b - +0 leather armour
rPois   .          Reflect  .   (no helmet)
rElec   .          Harm     .   (no cloak)
rCorr   .          Rampage  .   (no gloves)
Will    .....                   (no boots)
Stlth   +.........              (no amulet)
HPRegen 0.12/turn               (no ring)
MPRegen 0.09/turn               (no ring)

@: no status effects
A: no striking features
a: no special abilities


You were on level 3 of the Dungeon.
You visited 1 branch of the dungeon, and saw 3 of its levels.
You also visited: Sewer.

You collected 108 gold pieces.

Inventory:

Hand Weapons
 o - a +0 mace (weapon)
Missiles
 j - 16 poisoned darts (quivered)
Armour
 b - a +0 leather armour (worn)
Wands
 d - a wand of charming (3)
Scrolls
 a - a scroll of immolation {unknown}
 g - 3 scrolls of identify {unknown}
 h - a scroll of fog {unknown}
 i - 2 scrolls of teleportation {unknown}
 k - a scroll of enchant armour {unknown}
 s - a scroll of amnesia {unknown}
Potions
 f - a potion of attraction {unknown}
 l - 2 potions of mutation {unknown}
 m - a potion of heal wounds {unknown}
 n - a potion of cancellation {unknown}
 p - 2 potions of magic {unknown}
 q - a potion of brilliance {unknown}
 r - a potion of resistance {unknown}
Miscellaneous
 e - a piece from Xom's chessboard (15/15)


   Skills:
 + Level 2.1 Fighting
 + Level 2.9 Maces & Flails
 + Level 0.1 Throwing
 - Level 2.0 Armour
 + Level 2.3 Dodging
 - Level 1.0 Stealth
 + Level 4.1 Evocations


You had 4 spell levels left.
You didn't know any spells.
Your spell library contained the following spells:

 Spells                   Type           Power      Damage    Failure   Level
 Apportation              Tloc           0%         N/A       36%         1
 Alistair's Intoxication  Tmut/Pois      0%         N/A       100%        5


Dungeon Overview and Level Annotations

Branches:
Dungeon (3/15)              Sewer (visited)

Altars:

Shops:
D:2 =

Annotations:
D:2 exclusion: downstairs, Terence
D:3 Sigmund


Message History

Press: ? - help, Shift-Dir - straight line, f/p - gnoll
Aim: a gnoll, wielding a +0 flail (chance to affect: 67%)
The gnoll struggles to resist.
Unknown command.
Aiming: Charm
Press: ? - help, Shift-Dir - straight line, f/p - gnoll
Aim: a gnoll, wielding a +0 flail (chance to affect: 67%)
The gnoll struggles to resist.
The gnoll hits you with a +0 flail.
* * * LOW HITPOINT WARNING * * *
Unknown command.
Aiming: Charm
Press: ? - help, Shift-Dir - straight line, f/p - gnoll
Aim: a gnoll, wielding a +0 flail (chance to affect: 67%)
The gnoll is charmed.
Sigmund casts a spell at you.
Your gnoll resists with significant effort.
Unknown command.
What are your orders? t - Shout!
Orders for allies: a - Attack new target. p - Attack previous target. r - Retreat! s - Stop attacking. g - Guard the area. f - Follow me.
Anything else - Cancel.
Guard this area!
Sigmund hits your gnoll with a +0 scythe!
Your gnoll barely misses Sigmund.
Sigmund gestures at you while chanting. The magic dart hits your gnoll.
Your gnoll hits Sigmund with a +0 flail.
Your gnoll hits Sigmund with a +0 flail!
The orc shouts!
The orc closely misses you.
You hit the orc but do no damage. The orc misses you.
The orc hits you with a +0 whip.
* * * LOW HITPOINT WARNING * * *
The orc closely misses you.
A gnoll comes into view. It is wielding a +0 club.
The gnoll shouts!
The gnoll hits you with a +0 club.
You die...

#.≈≈≈....# #.##
#.≈≈≈....# #...
#.≈≈≈....# ####
#.≈≈≈..P.#
#.#.≈≈≈....#
#'###≈≈....#
#########...#≈≈P...#
........#...#≈≈g...#
≈≈≈≈≈≈≈≈#####≈≈.@..#
≈≈≈≈≈≈≈≈≈≈≈≈≈≈≈....#
≈≈≈≈≈≈≈≈≈≈≈≈≈≈≈o...#
...................#
...................#
####################


You could see a gnoll and an orc.

Vanquished Creatures
  A howler monkey (D:3)
  Robin (D:3)
  An adder (D:3)
  2 worms (D:2)
  2 dart slugs (D:1)
  3 orcs (D:3)
  7 endoplasms
  5 giant cockroaches
  11 goblins
  7 hobgoblins
  14 jackals
  13 kobolds
  3 quokkas
  5 ball pythons
  8 bats
  6 frilled lizards
  8 rats
97 creatures vanquished.

Vanquished Creatures (collateral kills)
  A worm (D:3)
  A giant cockroach (D:3)
  A rat (D:3)
3 creatures vanquished.

Vanquished Creatures (others)
  A gnoll (D:3)
  2 jackals
  2 kobolds (Sewer)
  A fungus (D:3)
  5 plants (D:3)
11 creatures vanquished.

Grand Total: 111 creatures vanquished

Notes
Turn   | Place    | Note
-------+----------+-------------------------------------------
     0 | D:1      | H0rd4k the Human Artificer began the quest for the Orb.
     0 | D:1      | Reached XP level 1. HP: 15/15 MP: 1/1
   276 | D:1      | Reached XP level 2. HP: 19/21 MP: 2/2
   692 | D:1      | Reached XP level 3. HP: 9/26 MP: 3/3
  1569 | D:2      | Found Ynarhiy's Jewellery Shoppe.
  1957 | D:2      | Reached skill level 1 in Maces & Flails
  2388 | D:1      | Reached XP level 4. HP: 15/32 MP: 4/4
  3061 | D:3      | Found a glowing drain.
  3086 | Sewer    | Entered a sewer
  3181 | Sewer    | Reached skill level 4 in Evocations
  3926 | D:3      | Noticed Robin
  4136 | D:3      | Reached XP level 5. HP: 29/37 MP: 5/5
  4144 | D:3      | Killed Robin
  4315 | D:3      | Noticed Terence
  4858 | D:3      | HP: 1/38 [orc/+0 hand axe (4)]
  6036 | D:3      | Noticed Sigmund
  6080 | D:3      | HP: 1/38 [orc/+0 whip (6)]
  6096 | D:3      | Slain by a gnoll

Illustrated notes

Levels and vault maps discovered:
D:1:      nzn_arrival_depleted_hourglass, layout_rooms,
          ebering_dispersal_statue_hall
D:2:      layout_rooms, serial_shops, shop
D:3:      lemuel_castle_with_subvaults [lemuel_castle_interior_original],
          layout_basic, cheibrodos_sewer_entry_drain,
          chequers_serial_rivers_micro_e, uniq_robin, uniq_sigmund, uniq_terence

Skill      XL: |  1  2  3  4  5 |
---------------+----------------+-----
Maces & Flails | 1 2 |  2.9
Evocations     | 4 |  4.1
Dodging        | 2 |  2.3
Fighting       | 2 |  2.1
Throwing       | |  0.1
Armour         | |  2.0
Stealth        | |  1.0

Action                   |  1- 3 |  4- 6 || total
-------------------------+-------+-------++-------
Melee: Club              |   162 |    64 ||   226
       Punch             |     3 |       ||     3
       Mace              |       |   181 ||   181
Throw: Dart              |     5 |       ||     5
Evoke: Wand              |     5 |    22 ||    27
 Stab: Sleeping          |     2 |       ||     2
Armor: Leather armour    |    56 |   106 ||   162
Dodge: Dodged            |   127 |   205 ||   332
